 Dungeon Crawl Stone Soup version 0.28-a0-1486-g8196b01e9b (webtiles) character file.

Game seed: 16655559990185875050

177086 Essalna the Warrior (level 18, -10/133 HPs)
             Began as a Djinni Monk on Jan 11, 2022.
             Was the Champion of Hepliaklqana.
             Mangled by a naga warrior (22 damage)
             ... on level 4 of the Snake Pit on Jan 12, 2022.
             The game lasted 01:42:23 (33569 turns).

Essalna the Warrior (Djinni Monk)                  Turns: 33569, Time: 01:42:24

Health: -10/133    AC: 16    Str: 10    XL:     18   Next: 82%
Gold:   2371       EV: 11    Int: 35    God:    Hepliaklqana [******] SH:  6 Dex: 21

rFire   + + +      SeeInvis .   a - +3 spear of Reason {flame, rC+++ Int+5}
rCold   + + .      Faith    .   w - +0 buckler
rNeg    . . .      Spirit   .   H - +5 ring mail of the Arena {Regen+ Int+6}
rPois   ∞          Reflect  .   t - +1 helmet
rElec   .          Harm     .   (no cloak)
rCorr   +          Rampage  .   T - +2 pair of gloves {Dex+3}
Will    +....                   (boots unavailable)
Stlth   ++........              K - amulet of regeneration
HPRegen 1.92/turn               u - ring of protection from fire
MPRegen 0.00/turn               Z - ring of Zemosu {rCorr Int+6}

@: weakened, flying, hasted and slowed, constricted
A: reduced essence, sickness immunity, fire resistance 2, cold vulnerability 1,
float, innate caster, hp casting, extra vitality 1
a: Renounce Religion, Recall Ancestor, Ancestor Identity, Transference, Idealise


You were on level 4 of the Snake Pit.
You worshipped Hepliaklqana.
Hepliaklqana was exalted by your worship.
You visited 5 branches of the dungeon, and saw 28 of its levels.
You also visited: Ossuary, Bailey, Ice Cave and Volcano.

You collected 2965 gold pieces.
You spent 594 gold pieces at shops.

Inventory:

Hand Weapons
 a - the +3 spear of Reason (weapon) {flame, rC+++ Int+5}
   (You found it on level 11 of the Dungeon)

   It burns those it strikes, dealing additional fire damage.
   Int:       It affects your intelligence (+5).
   rC:        It renders you almost immune to cold.
Armour
 t - a +1 helmet (worn)
 w - a +0 buckler (worn)
 H - the +5 ring mail of the Arena (worn) {Regen+ Int+6}
   (You found it on level 3 of the Lair of Beasts)

   Int:       It affects your intelligence (+6).
   Regen:     It increases your rate of health regeneration.
 M - a +2 kite shield of cold resistance
 T - a +2 pair of gloves of dexterity (worn)
Magical Staves
 j - a staff of air
 G - a staff of earth
Jewellery
 b - a ring of willpower
 n - an amulet of reflection
 o - a ring of willpower
 u - a ring of protection from fire (left hand)
 B - a ring of positive energy
 J - a ring of ice
 K - an amulet of regeneration (around neck)
 L - a ring of protection from fire
 N - a ring of willpower
 P - a ring of see invisible
 W - a +4 ring of evasion
 Z - the ring of Zemosu (right hand) {rCorr Int+6}
   (You bought it in a shop on level 2 of the Orcish Mines)

   [ring of resist corrosion]

   Int:       It affects your intelligence (+6).
   rCorr:     It protects you from acid and corrosion.
Wands
 q - a wand of iceblast (13)
 v - a wand of flame (57)
 D - a wand of acid (6)
 I - a wand of charming (13)
 O - a wand of paralysis (17)
 Q - a wand of digging (13)
 X - a wand of polymorph (5)
Scrolls
 c - 29 scrolls of identify
 e - 8 scrolls of immolation
 f - 7 scrolls of enchant weapon
 g - 3 scrolls of holy word
 h - a scroll of teleportation
 l - 3 scrolls of magic mapping
 y - 6 scrolls of fog
 E - a scroll of blinking
 U - a scroll of silence
 V - 2 scrolls of enchant armour
 Y - a scroll of fear
Potions
 d - 5 potions of attraction
 i - a potion of lignification
 k - 4 potions of cancellation
 m - 6 potions of ambrosia
 p - 5 potions of haste
 r - 9 potions of curing
 s - 9 potions of magic {unknown}
 x - 6 potions of heal wounds {unknown}
 z - 6 potions of resistance {unknown}
 A - 2 potions of flight {unknown}
 C - 4 potions of mutation {unknown}
 F - 3 potions of brilliance {unknown}
 R - 2 potions of experience {unknown}
 S - 4 potions of invisibility {unknown}


   Skills:
 + Level 19.6 Fighting
 - Level 2.6 Long Blades
 - Level 6.0 Armour
 - Level 8.0 Dodging
 - Level 1.5 Stealth
 - Level 4.0 Shields
 + Level 16.4 Spellcasting
 + Level 11.7 Invocations


You had 17 spell levels left.
You knew the following spells:

 Your Spells              Type           Power      Damage    Failure   Level
a - Slow                  Hex            100%       N/A       0%          1
b - Passwall              Tmut/Erth      80%        N/A       0%          2
c - Call Canine Familiar  Summ           97%        N/A       0%          3
d - Stone Arrow           Conj/Erth      100%       3d13      0%          3
e - Summon Mana Viper     Hex/Summ       97%        N/A       1%          5
f - Freezing Cloud        Conj/Ice/Air   48%        6-21      1%          5
g - Dispersal             Tloc           48%        N/A       1%          6
h - Summon Hydra          Summ           48%        N/A       3%          7
Your spell library was empty.

Dungeon Overview and Level Annotations

Branches:
Dungeon (15/15)            Temple (1/1) D:7            Lair (6/6) D:8
  Snake (4/4) Lair:3       Spider (0/4) Lair:4        Slime (0/5) Lair:6
    Orc (2/2) D:11            Elf (0/3) Orc:2        Vaults (0/5) D:13
 Depths (0/4) D:15        Ossuary (visited)          Bailey (visited)
  IceCv (visited)         Volcano (visited)

Altars:
Ashenzari
Cheibriados
Dithmenos
Elyvilon
Fedhas
Hepliaklqana
Makhleb
Nemelex Xobeh
Okawaru
Qazlal
Trog
Uskayaw
Vehumet
Wu Jian
Yredelemnul
The Shining One
Beogh

Shops:
D:8 *   Orc:2 [(=[   Snake:1 [   Snake:2 *

Annotations:
D:6 Dowan, Duvessa
D:12 1 runed translucent door, exclusion: orange crystal statue
D:14 1 transporter, Atuhevva's ghost, journeyman DEFE


Innate Abilities, Weirdness & Mutations

Your life essence is reduced to manifest your ancestor. (-10% HP)
You are immune to sickness and miasma.
You are immune to poison.
Your flesh is very heat resistant. (rF++)
You are vulnerable to cold. (rC-)
You float through the air rather than walking.
You learn spells naturally, not from books.
Your magical power is your life essence.
You have superior vitality. (+4 MHP)


Message History

You block the naga warrior's attack. The naga warrior spits poison at you.
The splash of poison misses you.
The splash of poison hits the naga warrior.
The naga warrior roars a battlecry!
The naga warriors go into a battle-frenzy!
The guardian serpent casts a spell at you.
The bolt of poison misses Centenhua.
The bolt of poison hits you but does no damage.
You resist.
Centenhua hits the naga warrior but does no damage.
Centenhua hits the guardian serpent with a +0 broad axe of flaming!
Centenhua burns the guardian serpent.
The guardian serpent dies!
Centenhua hits the naga warrior with a +0 broad axe of flaming.
Centenhua burns the naga warrior.
Centenhua hits the naga warrior with a +0 broad axe of flaming!
Centenhua burns the naga warrior.
The naga warrior hits you with a +0 halberd!
The naga warrior grabs you. The naga warrior constricts you.
The naga warrior hits you with a +0 battleaxe.
Centenhua blocks the naga warrior's attack.
The naga warrior's grasp on you weakens, but your attempt to escape fails.
The naga warrior hits you with a +0 flail!!
* * * LOW HITPOINT WARNING * * *
Centenhua hits the naga warrior with a +0 broad axe of flaming!!
Centenhua burns the naga warrior.
Centenhua hits the naga warrior with a +0 broad axe of flaming!
Centenhua burns the naga warrior.
Centenhua hits the naga warrior but does no damage.
The naga warrior hits you with a +0 halberd!!
* * * LOW HITPOINT WARNING * * *
The naga warrior constricts you.
* * * LOW HITPOINT WARNING * * *
The naga warrior roars a battlecry!
The naga warrior goes into a battle-frenzy!
Okay, then.
It was a potion of curing.
You feel better.
The naga warrior hits you with a +0 flail!!
You die...

#..#####...##.####
#.........####..##
#.#####...# #....# #...#
#.... ⌠.. #...###... ..
#.....#..# ∩♣ #.#...#N.#
.### # #.#..N#†.# ...###.#
#.#..@R..# .......##
#.#..NN..#
..........##.#......#
...#................#
..##...............##
.###.###(.##.##..###
......##..##.#...###
......##..##.#.....##
......##............######
#


You could see the friendly Centenhua the knight and 3 naga warriors.

Vanquished Creatures
  A nagaraja (Snake:3)
  A frost giant (IceCv)
  An orc warlord (Orc:2)
  A white draconian (IceCv)
  A minotaur (shapeshifter) (D:8)
  A red draconian (Volcano)
  Snorg (D:11)
  The ghost of Foggup the Grappler, a journeyman DDFi of Ru (Lair:3)
  A fire dragon (Lair:6)
  A salamander tyrant (Snake:4)
  Fannar (Lair:3)
  4 naga warriors
  9 hydras
  3 ironbound frosthearts (IceCv)
  4 boulder beetles
  4 centaur warriors
  2 anacondas
  2 ogre magi (D:15)
  9 two-headed ogres
  3 death yaks (Lair:5)
  A tengu warrior (D:14)
  An orc high priest (Orc:2)
  4 naga sharpshooters
  2 salamander mystics
  A fire crab (Lair:6)
  5 skeletal warriors
  An orb spider (shapeshifter) (D:13)
  A naga ritualist (Snake:3)
  A swamp dragon (Lair:6)
  An orc knight (Orc:1)
  4 deep elf pyromancers
  An oklob plant (Lair:4)
  4 mana vipers
  15 ugly things
  4 orc sorcerers (Orc:2)
  2 manticores (D:12)
  A faun (Lair:6)
  9 cyclopes
  10 elephants (Lair:5)
  9 salamanders
  20 black mambas
  6 torpor snails
  7 naga magi
  6 gargoyles
  17 cane toads
  3 molten gargoyles (Volcano)
  20 rime drakes
  A kobold demonologist (D:8)
  A yaktaur (D:15)
  2 freezing wraiths
  3 tengu conjurers
  4 komodo dragons
  5 trolls
  2 meliai (Lair:6)
  A queen bee (Lair:6)
  5 slime creatures (D:15)
  Prince Ribbit (D:9)
  16 blink frogs
  A hornet (shapeshifter) (D:13)
  2 hornets
  19 polar bears
  A raiju (Lair:6)
  4 dream sheep (Lair:4)
  A raiju (shapeshifter) (D:13)
  2 jumping spiders (Lair:4)
  6 wyverns
  5 basilisks
  A human (D:11)
  36 yaks
  A yak (shapeshifter) (D:15)
  A hog (shapeshifter) (D:13)
  2 vampire mosquitoes (D:8)
  5 redbacks (Lair:4)
  8 wargs
  16 nagas
  3 acid dragons
  15 water moccasins
  14 hell hounds
  30 orc warriors
  3 swamp drakes (Lair:6)
  12 black bears
  A necrophage (D:5)
  38 wolves
  3 ogres
  A centaur (D:8)
  6 bullfrogs
  A wyvern zombie (D:8)
  A gnoll sergeant (D:10)
  A water moccasin zombie (D:5)
  A scorpion (D:6)
  A water moccasin skeleton (D:5)
  2 wyvern skeletons
  14 killer bees
  An electric eel (Lair:3)
  A bullfrog zombie (D:5)
  4 centaur zombies
  20 orc priests
  A jelly (Lair:6)
  3 hounds
  6 iguanas (Lair:6)
  2 bullfrog skeletons
  3 centaur skeletons
  Natasha (twice) (D:2)
  21 orc wizards
  A killer bee zombie (D:9)
  4 hound skeletons
  3 mummies (Ossuary)
  A howler monkey zombie (D:9)
  11 gnolls
  4 adders
  A shadow imp (D:7)
  A white imp (D:7)
  2 worms
  3 dart slugs
  91 orcs
  7 ball pythons
  8 bats
  10 endoplasms
  4 giant cockroaches
  5 goblins
  8 hobgoblins
  10 jackals
  4 quokkas
  5 frilled lizards
  A gnoll zombie (Ossuary)
  3 goblin zombies (Ossuary)
  A hobgoblin zombie (Ossuary)
  2 kobolds (D:4)
  2 kobold zombies (Ossuary)
  2 rats
  2 rat zombies (D:8)
766 creatures vanquished.

Vanquished Creatures (collateral kills)
  The ghost of nogo the Severer, an adept GrFi of Okawaru (Snake:1)
  A frost giant (IceCv)
  3 naga warriors
  A rakshasa (D:15)
  A boulder beetle (D:8)
  A catoblepas (D:15)
  An ironbound frostheart (IceCv)
  An ogre mage (D:15)
  4 hydras
  2 anacondas (Snake:1)
  4 two-headed ogres
  2 centaur warriors
  2 death yaks (Lair:5)
  An orc high priest (Orc:2)
  2 shock serpents
  2 naga sharpshooters
  Nergalle (D:11)
  3 skeletal warriors (D:15)
  2 salamander mystics (Snake:3)
  A glowing orange brain (D:15)
  A naga ritualist (Snake:3)
  A wizard (D:15)
  6 ugly things (D:15)
  6 salamanders
  A mana viper (Snake:3)
  A cyclops (D:11)
  A manticore (Lair:6)
  A guardian serpent (Snake:4)
  5 elephants (Lair:5)
  8 black mambas
  5 naga magi
  A gargoyle (D:11)
  3 cane toads
  2 unseen horrors
  2 efreet
  6 rime drakes
  A tengu conjurer (D:8)
  A meliai (Lair:6)
  3 trolls
  A hornet (D:8)
  2 slime creatures (D:15)
  7 polar bears
  4 dream sheep (Lair:6)
  5 blink frogs
  A raiju (Lair:6)
  A shadow (D:12)
  17 yaks
  2 wyverns (Lair:4)
  2 wraiths (D:11)
  2 basilisks (Lair:6)
  2 nameless horrors
  A redback (Lair:4)
  6 nagas
  3 wargs
  An acid dragon (D:12)
  4 water moccasins
  6 orc warriors
  A hell hound (Lair:6)
  A meliai simulacrum (D:14)
  A swamp drake (Lair:6)
  A black bear (D:5)
  21 wolves
  A centaur (D:12)
  6 ogres
  A kobold brigand (D:8)
  A bullfrog (Lair:2)
  A wyvern zombie (D:8)
  A scorpion (D:5)
  A wyvern skeleton (D:7)
  8 killer bees
  A human zombie (Ossuary)
  A centaur skeleton (D:6)
  6 orc priests
  8 orc wizards
  2 mummies (Ossuary)
  9 orcs
  2 kobolds (D:8)
232 creatures vanquished.

Vanquished Creatures (others)
  A manticore (D:10)
  A guardian serpent (Snake:4)
  A naga (Snake:4)
  17 knights
  A hobgoblin (D:3)
  A bush (Lair:6)
  38 fungi
  101 plants
161 creatures vanquished.

Grand Total: 1159 creatures vanquished

Notes
Turn   | Place    | Note
-------+----------+-------------------------------------------
     0 | D:1      | Essalna the Djinni Monk began the quest for the Orb.
     0 | D:1      | Reached XP level 1. HP: 20/20 MP: 0/0
   156 | D:1      | Reached skill level 1 in Spellcasting
   156 | D:1      | Reached XP level 2. HP: 20/25 MP: 0/0
   263 | D:1      | Found a faded altar of an unknown god.
   619 | D:1      | Reached XP level 3. HP: 28/30 MP: 0/0
   619 | D:1      | Learned a level 1 spell: Slow
  1391 | D:2      | Noticed Natasha
  1398 | D:2      | Killed Natasha
  1399 | D:2      | Reached XP level 4. HP: 18/35 MP: 0/0
  1762 | D:2      | Noticed Natasha
  1812 | D:2      | Killed Natasha
  1813 | D:2      | Reached XP level 5. HP: 28/40 MP: 0/0
  1813 | D:2      | Learned a level 2 spell: Passwall
  2643 | D:3      | Found an ornate altar of the Wu Jian Council.
  3037 | D:4      | Noticed an ogre
  3998 | D:4      | Reached XP level 6. HP: 19/46 MP: 0/0
  4213 | D:4      | Found a stormy altar of Qazlal.
  4214 | D:4      | Found a broken altar of Ashenzari.
  4384 | D:4      | Found a burning altar of Makhleb.
  4430 | D:5      | Entered Level 5 of the Dungeon
  4453 | D:5      | Identified the +5 trident of the Bruised Olives {vorpal,
                  | rElec Will+ Str+2}
  4489 | D:5      | Noticed a necrophage
  4512 | D:5      | Killed a necrophage
  4544 | D:5      | Reached XP level 7. HP: 26/50 MP: 0/0
  4544 | D:5      | Learned a level 3 spell: Call Canine Familiar
  4584 | D:5      | Reached skill level 5 in Spellcasting
  4588 | D:4      | Found a basalt altar of Yredelemnul.
  4588 | D:4      | Found a hide-covered altar of Uskayaw.
  5538 | D:6      | Reached XP level 8. HP: 49/56 MP: 0/0
  5656 | D:6      | Noticed Dowan
  5962 | D:5      | Reached skill level 4 in Fighting
  6247 | D:5      | Found a glowing golden altar of the Shining One.
  6724 | D:6      | Noticed Duvessa
  7088 | D:7      | Reached skill level 5 in Fighting
  7148 | D:7      | Reached XP level 9. HP: 51/65 MP: 0/0
  7148 | D:7      | Learned a level 3 spell: Stone Arrow
  7559 | D:7      | Noticed a two-headed ogre
  7683 | D:7      | Reached skill level 6 in Fighting
  7880 | D:7      | Found a staircase to the Ecumenical Temple.
  7893 | Temple   | Entered the Ecumenical Temple
  7930 | Temple   | Became a worshipper of Hepliaklqana the Forgotten
  7930 | Temple   | Reached * piety under Hepliaklqana
  7930 | Temple   | Reached ** piety under Hepliaklqana
  7931 | Temple   | Remembered your ancestor Centenhua as a knight
  8313 | D:8      | Noticed a two-headed ogre
  8317 | D:8      | Killed a two-headed ogre
  8318 | D:8      | Reached skill level 7 in Fighting
  8577 | D:8      | Found a sand-covered staircase.
  8584 | Ossuary  | Entered an ossuary
  9289 | D:8      | Reached XP level 10. HP: 53/68 MP: 0/0
  9293 | D:8      | Reached skill level 1 in Shields
  9448 | D:8      | Reached skill level 8 in Fighting
 10064 | D:8      | Noticed a boulder beetle
 10412 | D:8      | Found Arisolis's General Store.
 10463 | D:8      | Noticed a minotaur
 10473 | D:8      | Killed a minotaur
 10625 | D:8      | Reached skill level 9 in Fighting
 10641 | D:8      | Killed an unseen horror
 10721 | D:8      | Noticed a kobold demonologist
 10724 | D:8      | Noticed a rust devil
 10726 | D:8      | Killed a kobold demonologist
 10727 | D:8      | Reached XP level 11. HP: 52/75 MP: 0/0
 10727 | D:8      | Learned a level 5 spell: Summon Mana Viper
 10761 | D:8      | Killed a boulder beetle
 10920 | D:8      | Noticed a centaur warrior
 10922 | D:8      | Noticed a four-headed hydra
 10929 | D:8      | Killed a centaur warrior
 10930 | D:8      | Reached skill level 10 in Fighting
 10932 | D:8      | Killed a four-headed hydra
 10933 | D:8      | Reached skill level 10 in Spellcasting
 11002 | D:8      | Noticed a deep elf pyromancer
 11006 | D:8      | Killed a deep elf pyromancer
 11197 | D:8      | Found a staircase to the Lair.
 11563 | Lair:1   | Entered Level 1 of the Lair of Beasts
 11563 | Lair:1   | Noticed an eight-headed hydra
 11574 | Lair:1   | Killed an eight-headed hydra
 11784 | Lair:1   | Reached skill level 11 in Fighting
 12169 | Lair:1   | Reached *** piety under Hepliaklqana
 12808 | Lair:2   | Reached XP level 12. HP: 75/84 MP: 0/0
 13122 | Lair:2   | Noticed a boulder beetle
 13148 | Lair:2   | Killed a boulder beetle
 13265 | Lair:2   | Noticed a five-headed hydra
 13271 | Lair:2   | Killed a five-headed hydra
 13272 | Lair:2   | Reached skill level 12 in Fighting
 14062 | Lair:2   | Identified the +7 mace of Gallantry {flame, Str+4}
 14510 | Lair:3   | Noticed a five-headed hydra
 14517 | Lair:3   | Killed a five-headed hydra
 14625 | Lair:3   | Noticed a four-headed hydra
 14639 | Lair:3   | Killed a four-headed hydra
 14650 | Lair:3   | Reached skill level 13 in Fighting
 14831 | Lair:3   | Identified the +5 ring mail of the Arena {Regen+ Int+6}
 14870 | Lair:3   | Reached **** piety under Hepliaklqana
 14940 | Lair:3   | Found a staircase to the Snake Pit.
 14992 | Lair:3   | Found an iron altar of Okawaru.
 15126 | Lair:3   | Reached skill level 1 in Armour
 15155 | Lair:3   | Noticed Fannar
 15161 | Lair:3   | Killed Fannar
 15162 | Lair:3   | Reached XP level 13. HP: 84/92 MP: 0/0
 15162 | Lair:3   | Learned a level 5 spell: Freezing Cloud
 15166 | Lair:3   | Identified the +7 scale mail of Gozag's Condemnation
                  | {Rampage}
 15224 | Lair:3   | Noticed a four-headed hydra
 15225 | Lair:3   | Noticed a six-headed hydra
 15230 | Lair:3   | Killed a four-headed hydra
 15233 | Lair:3   | Killed a six-headed hydra
 15339 | Lair:3   | Found a runed translucent gate.
 15339 | Lair:3   | Found a runed translucent gate.
 15340 | Lair:3   | Found a runed translucent gate.
 15343 | Lair:3   | Noticed Foggup's ghost (journeyman DDFi)
 15354 | Lair:3   | Reached skill level 5 in Dodging
 15449 | Lair:3   | Killed Foggup's ghost
 16069 | Lair:4   | Identified the +5 ring mail of the Stars {rPois rN+++ Str-5
                  | Dex+2}
 16137 | Lair:4   | Reached ***** piety under Hepliaklqana
 16393 | Lair:4   | Reached skill level 14 in Fighting
 16432 | Lair:4   | Reached skill level 5 in Armour
 16464 | Lair:4   | Found a hole to the Spider Nest.
 16693 | Lair:5   | Identified a scroll of acquirement
 16693 | Lair:5   | Acquired a staff of earth
 16847 | Lair:5   | Found a dark tunnel.
 16858 | Volcano  | Entered a volcano
 16899 | Volcano  | Reached XP level 14. HP: 100/100 MP: 0/0
 16962 | Volcano  | Noticed a red draconian
 16978 | Volcano  | Killed a red draconian
 17089 | Volcano  | Noticed an orb of fire
 17150 | Volcano  | Noticed an orb of fire
 17746 | Lair:5   | Reached skill level 15 in Fighting
 17880 | Lair:5   | Found a snail-covered altar of Cheibriados.
 18373 | Lair:6   | Entered Level 6 of the Lair of Beasts
 18502 | Lair:6   | Reached XP level 15. HP: 31/108 MP: 0/0
 18502 | Lair:6   | Learned a level 6 spell: Dispersal
 18751 | Lair:6   | Reached skill level 16 in Fighting
 19187 | Lair:6   | Reached skill level 1 in Invocations
 19311 | Lair:6   | Found a staircase to the Slime Pits.
 20666 | D:9      | Noticed Prince Ribbit
 20670 | D:9      | Killed Prince Ribbit
 20671 | D:9      | Reached XP level 16. HP: 109/117 MP: 0/0
 20871 | D:9      | Found the +12 glaive of Prune {vorpal}
 21104 | D:10     | Entered Level 10 of the Dungeon
 21203 | D:10     | Found a flagged portal.
 21211 | Bailey   | Entered a bailey
 22017 | D:11     | Noticed Nergalle
 22083 | D:11     | Noticed Snorg
 22089 | D:11     | Killed Snorg
 22090 | D:11     | Reached skill level 17 in Fighting
 22221 | D:11     | Found a white marble altar of Elyvilon.
 22275 | D:11     | Reached skill level 5 in Invocations
 22360 | D:11     | Found a staircase to the Orcish Mines.
 22398 | Orc:1    | Entered Level 1 of the Orcish Mines
 22460 | Orc:1    | Reached ****** piety under Hepliaklqana
 22613 | D:11     | Killed Nergalle
 23047 | Orc:2    | Entered Level 2 of the Orcish Mines
 23065 | Orc:2    | Found a staircase to the Elven Halls.
 23593 | Orc:2    | Found Nuplyexzyg's Antique Armour Emporium.
 23958 | Orc:2    | Found Dunueruo's Antique Armour Boutique.
 23960 | Orc:2    | Found Sibloesa's Antique Weapon Shop.
 24233 | Orc:2    | Found Faats's Jewellery Shop.
 24241 | Orc:2    | Bought the ring of Zemosu {rCorr Int+6} for 594 gold pieces
 24825 | D:11     | Identified the +3 spear of Reason {flame, rC+++ Int+5}
 24998 | D:12     | Found a runed translucent door.
 25328 | D:12     | Reached skill level 15 in Spellcasting
 25766 | D:13     | Found a gate to the Vaults.
 26562 | D:14     | Found a transporter.
 26590 | D:14     | Noticed Atuhevva's ghost (journeyman DEFE)
 26947 | D:14     | Found a transporter.
 27364 | D:15     | Entered Level 15 of the Dungeon
 27379 | D:15     | Identified the +5 dagger "Efruf" {venom, Will+ Str+4 Dex+4}
 27409 | D:15     | Reached XP level 17. HP: 120/124 MP: 0/0
 27409 | D:15     | Learned a level 7 spell: Summon Hydra
 27523 | D:15     | Found a shadowy altar of Dithmenos.
 27624 | D:15     | Reached skill level 18 in Fighting
 27774 | D:15     | Found an ornate altar of the Wu Jian Council.
 28544 | D:15     | Found a staircase to the Depths.
 29069 | Snake:1  | Entered Level 1 of the Snake Pit
 29483 | Snake:1  | Found a runed translucent door.
 29484 | Snake:1  | Noticed nogo's ghost (adept GrFi)
 29484 | Snake:1  | Found the +10 dark maul {vorpal}
 29503 | Snake:1  | Killed nogo's ghost
 29532 | Snake:1  | Identified the +3 scale mail "Dabykhlowk" {rPois}
 29627 | Snake:1  | Found Zeposo Amn's Armour Shop.
 30290 | Snake:2  | Reached skill level 10 in Invocations
 30565 | Snake:2  | Found Rysum's Assorted Antiques.
 30630 | Snake:2  | Found a blossoming altar of Fedhas.
 31592 | Snake:3  | Reached XP level 18. HP: 105/132 MP: 0/0
 31643 | Snake:3  | HP: 3/132 [shock serpent (12)]
 31788 | Snake:3  | Reached skill level 19 in Fighting
 32197 | Snake:3  | Found a frozen archway.
 32201 | IceCv    | Entered an ice cave
 33258 | Snake:3  | Upgraded the game from 0.28-a0-1477-g273aa18710 to
                  | 0.28-a0-1486-g8196b01e9b
 33306 | Snake:4  | Entered Level 4 of the Snake Pit
 33568 | Snake:4  | HP: 1/133 [constriction (6)]
 33569 | Snake:4  | Mangled by a naga warrior

Illustrated notes

Levels and vault maps discovered:
D:1:      psy_arrival_statuary, layout_basic, ebering_ecumenical_altar_ruins,
          corner_web_ring, st_stairs_14
D:2:      layout_basic, uniq_natasha
D:3:      layout_rooms, mainiacjoe_overflow_concentric_impassable
D:4:      layout_cave_pools, nicolae_overflow_hidden_temple
D:5:      layout_loops_ring, mainiacjoe_overflow_paths, hex_large
D:6:      layout_loops_ring, uniq_duvessa
D:7:      layout_loops_corners, minmay_temple_entry_offerings,
          hangedman_abyss_or_decor_slice, lightli_corner_chamber
D:8:      hangedman_cross_veins, layout_basic, lair_entry_dummy,
          enter_ossuary_4, serial_shops, nicolae_stop_n_shop_1
D:9:      layout_rooms, uniq_prince_ribbit1
D:10:     layout_basic, enter_bailey_2, minivault_21
D:11:     layout_roguey, erik_orc_4, minmay_tree_intersection,
          kennysheep_small_spiral, elyvilon_altar_1, uniq_snorg, uniq_nergalle
D:12:     layout_cave_pools, serial_rivers, chequers_serial_rivers_room_a,
          chequers_serial_rivers_micro_c, chequers_serial_rivers_micro_e,
          chequers_serial_rivers_marsh, chequers_serial_rivers_micro_e,
          chequers_serial_rivers_micro_c, minmay_crystal_box
D:13:     layout_basic, david_vaults_2
D:14:     layout_small_grid, nzn_ghost_randoct, kennysheep_nub
D:15:     gammafunk_enter_depths_forms, layout_loops_cross,
          grunt_dithmenos_smoke, serial_bayou_pond_b,
          nicolae_wu_jian_wuxing_cycle
Temple:   bh_familiar_temple
Lair:1:   layout_long_grid
Lair:2:   layout_regular_city, serial_bayou_crossing
Lair:3:   layout_hall_layers, guppyfry_snake_entry_garden,
          ebering_ghost_rock_garden, basic_altar, fungi_pond_lemuel,
          hangedman_lair_generics_rect, uniq_fannar
Lair:4:   layout_loops_ring, nicolae_spider_entry_tight_spaces,
          minmay_lair_drake_nest
Lair:5:   beast_lair_carwin_large_4, layout_regular_city, enter_volcano_3,
          minivault_23, kennysheep_snail_temple
Lair:6:   hangedman_lair_caniforms_friends, layout_loops_ring,
          guppyfry_lair_end_dragon, nicolae_slime_entry_slimehenge, special_room
          [special_room_bee], grunt_forest_large_clearings, grunt_megastairs_3
Snake:1:  layout_gridlike, serial_shops, shop, gammafunk_ghost_grave,
          nicolae_snake_biting_tails
Snake:2:  layout_layer_cave, basic_altar, serial_shops,
          nicolae_shop_overgrown_old_shop, nicolae_elevator_lobby_plus
Snake:3:  layout_basic, portal_ice_cave_entry_pillars_three, drop_trap,
          grunt_ministairs_9
Snake:4:  grunt_snake_rune_serpentine_throne, layout_gridlike, minmay_shop_grove
Orc:1:    layout_diamond_mine, library_closet
Orc:2:    grunt_orc_community_town_hall, layout_caves,
          grunt_orc_community_big_house_2, grunt_orc_community_big_house_2,
          grunt_orc_community_house_3, grunt_orc_community_house_3,
          grunt_orc_community_house_3, grunt_orc_community_house_3,
          grunt_orc_community_house_3

Skill      XL: |  1  2  3  4  5  6  7  8  9 10 11 12 13 14 15 16 17 18 |
---------------+-------------------------------------------------------+-----
Spellcasting   | 1 2 3 4 6 7 8 9 10 11 12 13 14 15 16 | 16.4
Fighting       | 5 7 9 11 13 14 15 16 17 18 19 | 19.6
Shields        | 4 |  4.0
Armour         | 1 5 6 |  6.0
Dodging        | 4 7 8 |  8.0
Invocations    | 4 7 10 11 | 11.7
Long Blades    | |  2.6
Stealth        | |  1.5

Action                   |  1- 3 |  4- 6 |  7- 9 | 10-12 | 13-15 | 16-18 || total
-------------------------+-------+-------+-------+-------+-------+-------++-------
Melee: Falchion          |    79 |   174 |       |       |       |       ||   253
       Punch             |     3 |     2 |     1 |       |       |       ||     6
       Trident           |       |    21 |   131 |    15 |     9 |       ||   176
       Staff             |       |       |       |       |    12 |     4 ||    16
       Spear             |       |       |       |       |       |    46 ||    46
 Cast: Slow              |     1 |    31 |    18 |     9 |       |       ||    59
       Call Canine Famil |       |       |    13 |       |       |       ||    13
       Stone Arrow       |       |       |    59 |   167 |   598 |   889 ||  1713
       Summon Mana Viper |       |       |       |     6 |     1 |     9 ||    16
       Freezing Cloud    |       |       |       |       |    12 |    15 ||    27
       Dispersal         |       |       |       |       |       |     2 ||     2
       Summon Hydra      |       |       |       |       |       |    11 ||    11
Invok: Ancestor Life: Kn |       |       |     1 |       |       |       ||     1
       Recall Ancestor   |       |       |       |       |     1 |     2 ||     3
       Idealise          |       |       |       |       |       |     2 ||     2
  Use: Scroll            |       |       |    15 |     3 |     6 |     3 ||    27
       Potion            |       |       |       |       |       |     3 ||     3
 Stab: Sleeping          |     8 |     4 |     3 |     1 |       |     2 ||    18
       Distracted        |       |       |     1 |     1 |     1 |       ||     3
Armor: Robe              |    17 |    22 |    13 |     3 |       |       ||    55
       Ring mail         |       |       |       |       |    85 |   150 ||   235
Dodge: Dodged            |    51 |   133 |    62 |    20 |   131 |   201 ||   598
Block: Other             |     3 |    46 |    21 |       |       |       ||    70
       Reflection        |     1 |       |       |       |     5 |    14 ||    20
       Buckler           |       |       |    34 |    26 |   134 |   206 ||   400

Table legend: (Time is in decaauts)
 A = Elapsed time spent in this place.
 B = Non-inter-level travel time spent in this place.
 C = Inter-level travel time spent in this place.
 D = Time resting spent in this place.
 E = Time spent auto-exploring this place.
 F = Levels seen in this place.
 G = Mean time per level.
                   A        B        C        D        E       F      G
               +--------+--------+--------+--------+--------+-----+--------+
         Total |  33727 |  31858 |   1869 |    665 |  24678 |  32 | 1054.0 |
       Dungeon |  17180 |  16222 |    958 |    581 |  12696 |  15 | 1145.3 |
        Temple |     56 |     35 |     21 |      0 |     31 |   1 |   56.0 |
          Lair |   8737 |   8255 |    482 |      0 |   6571 |   6 | 1456.2 |
     Snake Pit |   3602 |   3447 |    155 |      0 |   2791 |   4 |  900.5 |
  Orcish Mines |   2016 |   1764 |    252 |     84 |   1163 |   2 | 1008.0 |
       Ossuary |    464 |    464 |      0 |      0 |    389 |   1 |  464.0 |
        Bailey |    321 |    321 |      0 |      0 |    249 |   1 |  321.0 |
      Ice Cave |    904 |    904 |      0 |      0 |    533 |   1 |  904.0 |
       Volcano |    442 |    442 |      0 |      0 |    255 |   1 |  442.0 |
               +--------+--------+--------+--------+--------+-----+--------+

Top non-repeatable levels by time:
     D:8: 2764 daAuts
  Lair:2: 2052 daAuts
  Lair:6: 2037 daAuts
     D:7: 1600 daAuts
    D:15: 1479 daAuts
 Snake:2: 1334 daAuts
     D:2: 1322 daAuts
  Lair:3: 1318 daAuts
  Lair:5: 1292 daAuts
     D:4: 1292 daAuts
   Orc:2: 1236 daAuts
     D:5: 1208 daAuts
     D:3: 1196 daAuts
 Snake:1: 1182 daAuts
  Lair:4: 1166 daAuts
